Cogmind - Beta 15 @@@ ROGUE MODE // 2025.08.30 @ 08:10:53 Player: shapeshifter Result: Destroyed by as-91912 with Assembled Heavy Rifle Performance ------------- Evolutions (0) 0 Regions Visited (2) 400 Robots Destroyed (13) 65 Value Destroyed (320) 320 Prototype IDs (0) 0 Alien Tech Used (0) 0 Bonus (0) 0 TOTAL SCORE: 785 Bonus ------- None Cogmind --------- Core Integrity 0/250 Matter 285/300 Energy 56/100 System Corruption 0% Temperature Cool (0) Movement Rolling (115) Ox1 Location -10/Mines Parts ------- > --- POWER (1) -------- (None) > --- PROPULSION (2) --- Compact Wheel Compact Wheel > --- UTILITY (2) ------ High-capacity Storage Unit > --- WEAPON (2) ------- (None) > --- INVENTORY (20) --- Ion Engine Light Deuterium Engine Light Nuclear Core Light Treads Aluminum Leg Wheel High-capacity Storage Unit Cargo Storage Unit Large Matter Pod (150) ECM Suite Tractor Beam Peak State ------------ > --- POWER ------------ Ion Engine > --- PROPULSION ------- Wheel Compact Wheel > --- UTILITY ---------- High-capacity Storage Unit Targeting Computer > --- WEAPON ----------- Medium Laser Medium Laser > --- INVENTORY -------- Ion Engine Light Treads Light Treads High-capacity Storage Unit Cargo Storage Unit Large Matter Pod ECM Suite Light Armor Plating Small Laser [Rating: 8] Favorites ----------- Power Ion Engine Engine Ion Engine Propulsion Light Treads Treads Light Treads Wheel Wheel Utility High-capacity Storage Unit Device Seismic Detector Storage High-capacity Storage Unit Processor Targeting Computer Protection Light Armor Plating Weapon Medium Laser Energy Gun Medium Laser Ballistic Gun Light Assault Rifle Build | -11 -10 -10 ------- Run | Yrd Mat Min Slots Evolved . | . . . Power . | . . . Propulsion . | . . . Utility . | . . . Weapon . | . . . Parts Attached 22 | 7 6 9 Power 2 | 1 . 1 Engine 2 | 1 . 1 Core . | . . . Reactor . | . . . Propulsion 7 | 2 2 3 Treads 2 | 2 . . Leg . | . . . Wheel 5 | . 2 3 Hover . | . . . Flight . | . . . Utility 7 | 2 3 2 Device 1 | 1 . . Storage 2 | 1 1 . Processor 1 | . 1 . Hackware . | . . . Protection 3 | . 1 2 Artifact . | . . . Weapon 6 | 2 1 3 Energy Gun 4 | 2 1 1 Energy Cannon . | . . . Ballistic Gun 2 | . . 2 Ballistic Cannon . | . . . Launcher . | . . . Special Weapon . | . . . Impact Weapon . | . . . Slashing Weapon . | . . . Piercing Weapon . | . . . Special Melee Weapon . | . . . Unidentified Prototypes . | . . . Parts Lost 11 | . 1 10 Power 1 | . . 1 Propulsion 3 | . . 3 Utility 3 | . . 3 Weapon 4 | . 1 3 Highest Loss Streak 7 | . 1 7 To Critical Strikes . | . . . Average Backups 8 | 3 7 10 Power 1 | 1 1 2 Propulsion 2 | 1 2 2 Utility 3 | . 2 5 Weapon . | . 1 . Tool/Special . | . . . Unused Backups 7 | . . 7 Power 2 | . . 2 Propulsion 1 | . . 1 Utility 4 | . . 4 Weapon . | . . . Tool/Special . | . . . Average Slot Usage (%) 95 | . 95 95 Engine 13 | . 14 12 Treads 14 | . 23 1 Wheel 13 | . 4 26 Device 6 | . 11 . Storage 14 | . 14 14 Processor 1 | . 2 . Protection 5 | . . 13 Energy Gun 21 | . 23 19 Ballistic Gun 2 | . . 7 Peak Build Rating 8 | 7 8 8 Average Rating 6 | 4 6 7 On Entrance 5 | . 7 8 Naked Turns . | . . . Heaviest Build 52 | 15 52 52 Greatest Support 40 | 40 40 32 Greatest Overweight (x) 4 | . 1 4 Average Overweight (x) . | . . 1 Largest Inventory Capacity 20 | 8 20 20 Average Capacity 17 | 7 17 20 Most Carried 13 | 6 12 13 Average Carried 8 | 3 7 11 Final Capacity 20 | 8 20 20 Final Carried 12 | 4 11 12 Class Distribution -------------------- 100% | Mutant Dominant Class ---------------- Mutant | -10/Materials Mutant | -10/Mines Resources | -11 -10 -10 ----------- Run | Yrd Mat Min Matter Collected 632 | 256 59 317 Remotely . | . . . Salvage Created 466 | 53 185 228 Parts 28 | 6 14 8 Haulers Intercepted . | . . . Recyclers Shooed 1 | 1 . . Parts Field Recycled . | . . . Retrieved Matter . | . . . Parts Self-Destructed . | . . . Prevented . | . . . Kills | -11 -10 -10 ------- Run | Yrd Mat Min Combat Hostiles Destroyed 15 | . 4 11 Guns 12 | . 2 10 AOE 2 | . 2 . Classes Destroyed 5 | 1 2 2 Tunneler 3 | 3 . . Watcher 1 | . 1 . Swarmer 3 | . . 3 Grunt 6 | . 4 2 Assembled 6 | . . 6 Best Kill Streak 3 | 3 2 3 Combat Bots Only 3 | . 2 3 Max Kills in Single Turn 2 | 1 2 2 Gunslinging . | . . . Exploded 2 | . 2 . Melee . | . . . Uniques/NPCs Destroyed . | . . . Combat | -11 -10 -10 -------- Run | Yrd Mat Min Hostile Shots Fired 113 | . 30 83 Missed 33 | . 7 26 Hits 80 | . 23 57 Melee 11 | . . 11 Projectile 69 | . 23 46 Critical Strikes 3 | . 1 2 Part Disruptions 1 | . . 1 Damage Taken 1231 | . 290 941 Core 250 | . 78 172 Absorbed by Shields . | . . . Core Remaining (%) 100 | 100 . . Volleys Fired 70 | 5 21 44 Largest 2 | 2 2 2 Hottest 100 | 90 90 100 Shots Fired 108 | 10 33 65 Gun 108 | 10 33 65 Cannon . | . . . Launcher . | . . . Special . | . . . Kinetic 27 | . . 27 Thermal 64 | 5 21 38 Explosive . | . . . Electromagnetic 17 | 5 12 . Robot Hit Streak 6 | 3 6 5 Robot Miss Streak 4 | 2 3 4 Penetration Max . | . . . Secondary Targets . | . . . Shots Hit Robots 65 | 6 19 40 Core Hits 35 | 3 9 23 Critical Kills . | . . . Critical Parts Destroyed . | . . . Critical Strikes 5 | 2 1 2 Burn 3 | 1 . 2 Corrupt 2 | 1 1 . Melee Attacks . | . . . Impact . | . . . Slashing . | . . . Piercing . | . . . Sneak Attacks . | . . . Combat Hostiles . | . . . Follow-up Attacks . | . . . Damage Inflicted 906 | 82 385 439 Guns 786 | 82 265 439 Cannons . | . . . Explosions 120 | . 120 . Melee . | . . . Ramming . | . . . Kinetic 132 | . . 132 Thermal 615 | 26 282 307 Explosive . | . . . Electromagnetic 159 | 56 103 . Impact . | . . . Slashing . | . . . Piercing . | . . . Highest Corruption . | . . . Average Corruption . | . . . Corruption Purged . | . . . Corruption Blocked . | . . . Overload Shots . | . . . Overflow Damage . | . . . Projectiles . | . . . Explosions . | . . . Melee . | . . . Knockbacks . | . . . Impact . | . . . Kinetic . | . . . Secondary . | . . . Self-Inflicted Damage . | . . . Shots . | . . . Rammed . | . . . Targets Rammed . | . . . Kicked . | . . . Crushed . | . . . Highest Temperature 470 | 90 470 366 Average Temperature 130 | 41 204 99 Received Heat Transfer 437 | . 189 248 Effects 7 | . 7 . Shutdowns 2 | . 2 . Energy Bleed 1 | . 1 . Matter Decay 1 | . 1 . Short Circuit 1 | . 1 . Damage (minor) 2 | . 2 . Siege Activations . | . . . Martial Activations . | . . . Shielding Activations . | . . . Robots Disrupted . | . . . Combat Hostiles . | . . . Robots Corrupted . | . . . Combat Hostiles . | . . . Parts Fried . | . . . Impact Corruptions . | . . . Robots Melted 1 | . . 1 Combat Hostiles 1 | . . 1 Parts Melted 3 | 1 1 1 Heat Transferred 1680 | 148 531 1001 Parts Sabotaged . | . . . Parts Stolen . | . . . Parts Stripped . | . . . Power Chain Reactions 1 | . 1 . Alert | -11 -10 -10 ------- Run | Yrd Mat Min Maximum Alert Level . | . . . Low Security (%) 100 | 100 100 100 Level 1 . | . . . Level 2 . | . . . Level 3 . | . . . Level 4 . | . . . Level 5 . | . . . High Security . | . . . Max Security . | . . . Peak Influence 60 | 10 57 60 Initial . | . . . Average 10 | 1 9 14 Influence Increases 346 | 15 151 180 Destroy 0b10 Robot/C 180 | . 80 100 Destroy 0b10 Robot/NC 20 | 15 5 . Destroy Leader 42 | . 22 20 Successful Hack 7 | . 7 . Disable Machine 15 | . 15 . Destroy Structure 7 | . 7 . Partial Spotted 15 | . 15 . Lose Combat Pursuer 60 | . . 60 Influence Decreases 346 | 15 151 180 Time Decay 314 | 15 151 148 Lost Part 32 | . . 32 Squads Dispatched . | . . . Investigation . | . . . Extermination . | . . . Reinforcement . | . . . Assault . | . . . Garrison . | . . . Intercept . | . . . Searches Triggered . | . . . Construction Impeded . | . . . Haulers Reinforced . | . . . Active Scanning Responses . | . . . Cargo Convoy Interrupts . | . . . Stealth | -11 -10 -10 --------- Run | Yrd Mat Min Distress Signals 1 | . . 1 Communications Jammed . | . . . Distress Signals . | . . . Times Spotted 30 | . 13 17 Peak Tracking Total 4 | . 3 4 Tactical Retreats 1 | . . 1 Traps | -11 -10 -10 ------- Run | Yrd Mat Min Traps Triggered . | . . . Indirectly . | . . . Trap Hack Attempts . | . . . Triggered . | . . . Disarmed . | . . . Reprogrammed . | . . . Reused . | . . . Traps Extracted . | . . . Installed . | . . . Triggered . | . . . Machines | -11 -10 -10 ---------- Run | Yrd Mat Min Machines Disabled 1 | . 1 . Max in Single Turn 1 | . 1 . Machines Repaired . | . . . Machines Dismantled . | . . . Machines Sabotaged . | . . . Overloaded Fab Kills . | . . . Hacking | -11 -10 -10 --------- Run | Yrd Mat Min Machines Accessed 5 | . 5 . Terminals 5 | . 5 . Fabricators . | . . . Repair Stations . | . . . Recycling Units . | . . . Scanalyzers . | . . . Garrison Access . | . . . Total Hacks 16 | . 16 . Successful 7 | . 7 . Failed 9 | . 9 . Catastrophic . | . . . Database Lockouts . | . . . Manual 14 | . 14 . Terminals 16 | . 16 . Fabricators . | . . . Repair Stations . | . . . Recycling Units . | . . . Scanalyzers . | . . . Garrison Access . | . . . Terminal Hacks 4 | . 4 . Branch Access Points 1 | . 1 . Maintenance Status 1 | . 1 . Registered Components 1 | . 1 . Zone Layout 1 | . 1 . Fabricator Hacks . | . . . Repair Station Hacks . | . . . Recycling Unit Hacks . | . . . Scanalyzer . | . . . Garrison Access Hacks . | . . . Unauthorized Hacks 3 | . 3 . Terminals 3 | . 3 . Botnet 3 | . 3 . Fabricators . | . . . Repair Stations . | . . . Recycling Units . | . . . Scanalyzers . | . . . Garrison Access . | . . . Data Cores Recovered . | . . . Used . | . . . Hacking Detections 3 | . 3 . Full Trace Events . | . . . Feedback Events . | . . . Feedback Blocked . | . . . Robot Schematics Acquired . | . . . Robots Built . | . . . Authchips . | . . . Time . | . . . Total Robot Build Rating . | . . . Part Schematics Acquired . | . . . Parts Built . | . . . Authchips . | . . . Time . | . . . Total Part Build Rating . | . . . Parts Repaired . | . . . Time . | . . . Parts Recycled . | . . . Recycled Matter . | . . . Retrieved Matter . | . . . Retrieved Components . | . . . Parts Scanalyzed . | . . . Part Schematics Acquired . | . . . Parts Damaged . | . . . Bothacking | -11 -10 -10 ------------ Run | Yrd Mat Min Used RIF Installer . | . . . Robots Hacked . | . . . Non-combat . | . . . Combat . | . . . Robot Hacks Applied . | . . . Relay Couplers Released . | . . . Fabnet Peak Effective % . | . . . Robots Rewired . | . . . Allies Hacked . | . . . Hacks Repelled . | . . . Allies | -11 -10 -10 -------- Run | Yrd Mat Min Total Allies . | . . . Largest Group . | . . . Highest-Rated Group . | . . . Highest-Rated Ally . | . . . Total Orders . | . . . Ally Attacks . | . . . Total Damage . | . . . Kills . | . . . Allies Corrupted . | . . . Allies Melted . | . . . Intel | -11 -10 -10 ------- Run | Yrd Mat Min Active Infowar (turns) 456 | 25 431 . Seismic 456 | 25 431 . Robot Analysis Total . | . . . Derelict Logs Recovered . | . . . Drone Launches . | . . . Drone Recoveries . | . . . Exploration | -11 -10 -10 ------------- Run | Yrd Mat Min Turns Passed 1500 | 151 797 552 Spaces Moved 785 | 80 358 347 Core 17 | 17 . . Treads 302 | 63 239 . Legs . | . . . Wheels 466 | . 119 347 Hover . | . . . Flight . | . . . Fastest Speed 50 | 50 105 105 Average Speed 141 | 136 177 106 Slowest Speed 240 | 160 240 145 Overloaded Moves . | . . . Propulsion Burnouts . | . . . Robots Hopped . | . . . Potential Cave-ins . | . . . Cave-ins Triggered . | . . . Exploration Rate (%) 46 | 4 70 66 Regions Visited 2 Branch Regions 1 Pre-discovered Areas . | . . . Known Exits Taken 1 | . 1 . Unknown Exits Taken 1 | 1 . . Scrap Searched . | . . . Spaces Dug . | . . . Terrain Destroyed 9 | . 9 . Melee . | . . . Projectile . | . . . AOE 9 | . 9 . Terrain Rammed . | . . . Walls Destroyed . | . . . Machines Disabled . | . . . Actions | -11 -10 -10 --------- Run | Yrd Mat Min Total 1069 | 112 486 471 Wait 155 | 10 89 56 Move 783 | 79 357 347 Hop . | . . . Pick Up 30 | 11 9 10 Fast Attach . | . . . Attach 18 | 7 2 9 Detach . | . . . Swap 8 | . 5 3 Drop 5 | . 3 2 Fire 70 | 5 21 44 Melee . | . . . Ram . | . . . Kick . | . . . Crush . | . . . Escape Stasis . | . . . Rewire . | . . . Trap . | . . . Miscellaneous . | . . . Route ------- -11/Scrapyard -10/Materials (discovered 4 exits: [*Mat x2] / *Min x2) -10/Mines (discovered 1 exit: [*Mat]) History --------- Turn | Location | Event 21 | -11/Scrapyard | Discovered new exit (range 16) 152 | -11/Scrapyard | Entered Materials 314 | -10/Materials | Build established: Mutant 428 | -10/Materials | Discovered new exit (range 16) 713 | -10/Materials | Discovered new exit (range 12) 769 | -10/Materials | Discovered new exit (range 11) 818 | -10/Materials | Identified exit to Mines 949 | -10/Materials | Entered Mines 967 | -10/Mines | Met a Derelict bent on vengeance 1140 | -10/Mines | Assembled infested the area 1250 | -10/Mines | Core integrity fell below 50% 1301 | -10/Mines | Discovered new exit (range 5) 1494 | -10/Mines | Core integrity fell below 20% 1501 | -10/Mines | Destroyed by as-91912 with Assembled Heavy Rifle Last Messages --------------- 01442_ R-06 Scavenger destroyed. 01448_ Lgt. Assault Rifle severed. 01450_ Lgt. Armor Plating destroyed. 01450_ Acquired Lgt. Deuterium Engine. 01452_ as-85589 destroyed. 01453_ Ion Engine destroyed. 01456_ Com. Wheel destroyed. 01462_ as-74828 destroyed. 01465_ Lgt. Armor Plating destroyed. 01465_ U-05 Engineer lays Concrete. 01470_ Lgt. Treads destroyed. 01477_ Lgt. Assault Rifle destroyed. 01480_ Acquired Lgt. Assault Rifle. 01482_ as-64477 destroyed. 01484_ Acquired 20 matter. 01485_ Acquired 17 matter. 01489_ Acquired Tractor Beam. 01492_ K-01 Serf collects debris. 01492_ Acquired Com. Wheel. 01501_ Lgt. Assault Rifle destroyed. Map ----- +----------------------------------------------------+ | ?????????????????????????? ??????????????????????? | | ?????????????????????#???? ??????????????????????? | | ???????????????????? ???? ??????????????????????? | | ????????????????????? ??? ??????????????????????? | | ????????????????????? ??? ??????????????????????? | | ????????????????????? """ ?????????????########## | | ?????????????????????? """ ?????????????# | | ?????????????????????? """ ?????????????# ######## | | ?????????????????????? ?????????????# #??????? | | ??????????????????????? ?????????????# #??????? | | ??????????????????????? #?????????????# #??????? | | ???????####????????????# #?????????????# #??????? | | ????#### ##???????????# !#?????????????# #??????? | | ???## ##??????????#!=#?????????????# #??????? | | ???# ##?????????#a*#?????????????# #??????? | | ???# #?????????#!a#?????????????# #??????? | | ???## #???????# # =###???######### #??????? | | ????### ##?????## # ## ???# ## #??????? | | ??????## ##?????## # #%% #??# ## #??????? | | ???????# ##?????# ###! ## #??# """ ## #??????? | | ???????# ##????### =%! ###??# """ ## #??????? | | ???????# ###### | ###?# """ ## #??????? | | ???????## % ### ## #???#### | | ????????### ! ! = #### ##### #??## # | | ??????????##### =%= % #??# #???# #??# | | ??????????????## ! @=!% #?## ##### #### | | ???????????????# =% %#### % | | ???????????????# a ############ | | ???????????????## % #??????????# | | ????????????????## % = ! ####?????????## | | ?????????????????## *= r ##???????????# | | ??????????????????# ##???????#### | | ??????????????????# #???????# # | | ?????????????????## ## ### #???????# ###### | | ????????????????## #### #?############# ###### | | ???????????????## #??## #???# [*% = | | ???????????????# ##?##k #???# [ % = | | ???????????????# ### ##??# """ """ < "" | | ???????????????# t ##?# """ """ "" | | ??????????????## ### """ """ "" | | ?????????????## ## | | ?????????????# ## | | ?????????????# ## #################### | | ?????????????## ### ##??????????????????? | | ??????????????## #?#####???????????????????? | | ???????????????# #????????????????########## | | ???????????????# #????????????????# | | ???????????????# ##############???# | | ???????????????# #???# """ | | ??????????????## #???# """ | +----------------------------------------------------+ Best States ------------- Heat Dissipation 25 Energy Generation 10 Energy Capacity 250 Matter Stores 300 Matter Capacity 300 Sight Range 16 Terrain Scan Density 10 Armor Coverage 150 Evasion (%) 50 Targeting Accuracy 5 Recoil Reduction 2 Item Schematics ----------------- None Robot Schematics ------------------ None Fabricated ------------ Nothing Repaired ---------- Nothing Alien Tech Used ----------------- None Achievements -------------- None Challenges ------------ None Game ------ Seed DispersalProcessingRipper Manual? 0 Play Time 00:10:27 Cumulative 230.1 hours Start 2025.08.30 @ 08:03:01 End 2025.08.30 @ 08:10:53 Sessions 1 Manual Loads 0 Difficulty Rogue Special Mode None Game No. 338 Rogue 338 Adventurer 0 Explorer 0 Win Type - Total 4 Types 3/0/1/0/0/0/0/0/0/0 Lore% 81 Gallery% 76 Achievement% 58 Wizard Run 0 Options --------- Layout 1 ASCII 0 Keyboard 0 Movement Mouse Keybinds 0 Fullscreen 1 Font 32/SmallcapsGlow Map View 50x35 Zoom Use 0% Tactical HUD 1 Map Filters NONE Filters NONE Steam 1 RUN: 27311a21-673c-41b8-8bd2-b2e641d3d781